 Dungeon Sprint DCSS version 0.31-a0-744-gbc345e7fcb (webtiles) character file.

Game seed: 163229744820234277

30 rocky1 the Changeling (level 3, -1/42 HPs)
             Began as a Merfolk Shapeshifter on Sept 14, 2023.
             Was an Initiate of Gozag.
             Slain by Duvessa
             ... wielding a +7 rapier of electrocution
              (10 damage)
             ... in the Dungeon (Sprint VII: "The Pits").
             The game lasted 00:01:09 (197 turns).

rocky1 the Changeling (Merfolk Shapeshifter)         Turns: 197, Time: 00:01:09

Health: -1/42      AC: 11    Str: 14    XL:     3   Next: 20%
Magic:  3/3        EV:  8    Int:  9    God:    Gozag
Gold:   495        SH:  0    Dex: 15    Spells: 2/2 levels left

rFire   . .          .
                       - Unarmed
rCold   . . .        (no shield)
rNeg    . . .        o - +3 chain mail
rPois   .            (helmet currently unavailable)
rElec   .            (cloak currently unavailable)
rCorr   .            (gloves currently unavailable)
SInv    .            (boots currently unavailable)
Will    .....        (no amulet) Stlth
                     (no ring)
HPRegen 0.27/turn    (no ring)
MPRegen 0.08/turn

%: no teleportation
@: berserking, beast-form, very quick
A: beast (slay +3), (nimble swimmer 2), mertail
a: Begin Untransformation, Renounce Religion, Potion Petition, Call Merchant,
Bribe Branch


You were in the Dungeon.
You worshipped Gozag.
Gozag was aware of your devotion.
You were a hulking beast.
You visited 1 branch You collected 495 gold pieces.

Inventory:

Armour
 a - a +0 animal skin
 o - a +3 chain mail (worn)
Talismans
 c - a beast talisman (active)
 d - a flux talisman
Scrolls
 j - a scroll of blinking
 l - 2 scrolls of vulnerability
 m - 5 scrolls of amnesia
 n - a scroll of butterflies
Potions
 b - a potion of lignification
 e - 6 potions of curing
 f - 3 potions of heal wounds
 g - a potion of haste
 h - 4 potions of magic
 i - 2 potions of berserk rage
 k - 2 potions of invisibility


   Skills:
 + Level 2.7 Fighting
 + Level 4.1 Dodging
 * Level 5.3 Unarmed Combat
 + Level 5.6 Shapeshifting


You had 2 spell levels left.
You didn't know any spells.
Your spell library was empty.

Dungeon Overview and Level Annotations

Branches:
Dungeon (1/1)

Altars:
Ashenzari
Cheibriados
Dithmenos
Elyvilon
Fedhas
Gozag
Hepliaklqana
Kikubaaqudgha
Makhleb
Nemelex Xobeh
Okawaru
Qazlal
Ru
Sif Muna
Trog
Uskayaw
Vehumet
Wu Jian
Xom
Yredelemnul
Zin
The Shining One
Jiyva
Lugonu

Annotations:
D Dowan, Duvessa


Innate Abilities, Weirdness & Mutations

You are a hulking beast.
Your limbs bulge with bestial killing power. (Slay +3)
((You are very nimble when in or above water. (Stealth+, EV+, Speed+++)))
Your lower body shifts to a powerful aquatic tail in water.


Message History

* * * LOW HITPOINT WARNING * * *
Unknown command.
You feel much better.
Duvessa hits you with a +7 rapier of electrocution.
You are electrocuted!
Ouch! That really hurt!
* * * LOW HITPOINT WARNING * * *
Dowan casts a spell.
Dowan blinks!
You feel much better.
Duvessa hits you with a +7 rapier of electrocution!
A red film seems to cover your vision as you go berserk!
You feel yourself moving faster!
You feel mighty!
Duvessa hits you with a +7 rapier of electrocution.
You hit Duvessa but do no damage.
Duvessa is moderately wounded.
Duvessa barely misses you.
You barely miss Duvessa.
Duvessa is moderately wounded.
Dowan mumbles some strange words.
Dowan blinks!
You punch Duvessa! Your punch misses Duvessa.
Duvessa is heavily wounded.
Duvessa hits you with a +7 rapier of electrocution!
You barely miss Duvessa.
Duvessa is heavily wounded.
Duvessa hits you with a +7 rapier of electrocution!
* * * LOW HITPOINT WARNING * * *
You barely miss Duvessa.
Duvessa is heavily wounded.
You punch Duvessa!
Duvessa is heavily wounded.
Duvessa completely misses you.
You punch Duvessa!
Duvessa is almost dead.
You hit Duvessa but do no damage.
Duvessa is almost dead.
Duvessa hits you with a +7 rapier of electrocution!
You die...
Your body crumbles into a pile of gold.

#...........'.....
#'#####'#####.....
#.#...).#..##.....
#.#.....#))#####'#
#.###'###))##.....
#.#.....#))##.....
#.#.....#.[##.....
#.####)##'###...<.
#h#........##.....
#e#........##.....
#{###########.....


#oh ###### #oo. ##.#. ...o .# #. .. .. You could see Duvessa, a hound and 3
orcs.

Vanquished Creatures
  An adder (D)
  A gnoll (D)
  An adder skeleton (D)
  An orc (D)
  2 bats (D)
  An endoplasm (D)
  A giant cockroach (D)
  A ball python skeleton (D)
  2 kobolds (D)
11 creatures vanquished.

Notes
Turn   | Place    | Note
-------+----------+-------------------------------------------
     0 | D        | rocky1 the Merfolk Shapeshifter began the quest for the
                  | Orb.
     0 | D        | Reached XP level 1. HP: 15/15 MP: 1/1
    22 | D        | Found a bloodstained altar of Trog.
    22 | D        | Found a shimmering blue altar of Sif Muna.
    22 | D        | Found a viscous altar of Jiyva.
    22 | D        | Found a hazy altar of Hepliaklqana.
    22 | D        | Found an opulent altar of Gozag.
    23 | D        | Found a glowing golden altar of the Shining One.
    23 | D        | Found a glowing silver altar of Zin.
    23 | D        | Found a basalt altar of Yredelemnul.
    23 | D        | Found a shimmering altar of Xom.
    23 | D        | Found an ornate altar of the Wu Jian Council.
    23 | D        | Found a sacrificial altar of Ru.
    23 | D        | Found a stormy altar of Qazlal.
    23 | D        | Found an iron altar of Okawaru.
    23 | D        | Found a sparkling altar of Nemelex Xobeh.
    23 | D        | Found a burning altar of Makhleb.
    23 | D        | Found a blossoming altar of Fedhas.
    23 | D        | Found a white marble altar of Elyvilon.
    23 | D        | Found a shadowy altar of Dithmenos.
    23 | D        | Found a snail-covered altar of Cheibriados.
    26 | D        | Found a corrupted altar of Lugonu.
    26 | D        | Found a radiant altar of Vehumet.
    27 | D        | Found an ancient bone altar of Kikubaaqudgha.
    27 | D        | Found a hide-covered altar of Uskayaw.
    27 | D        | Found a broken altar of Ashenzari.
    30 | D        | Became a worshipper of Gozag Ym Sagoz the Greedy
    66 | D        | Reached skill level 5 in Shapeshifting
    66 | D        | Reached XP level 2. HP: 21/22 MP: 2/2
    96 | D        | Reached skill level 5 in Unarmed Combat
    96 | D        | Reached XP level 3. HP: 24/28 MP: 3/3
   174 | D        | Noticed Duvessa
   178 | D        | Noticed Dowan
   197 | D        | Slain by Duvessa

Illustrated notes

Levels and vault maps discovered:
D:        pitsprint [storerooms_1, entrance_room_1, metal_vault_6, armoury_1,
          mini_pit_1, grid_room_1, main_hall_1, silver_pit, the_coven_3,
          the_vestibule_1, steel_vault_1, golden_pit, hallway_of_sentries,
          crystal_vault_2, iron_vault_5, final_vault]

Skill      XL: |  1  2 |
---------------+-------+-----
Dodging        | 3 4 |  4.1
Unarmed Combat | 4 5 |  5.3
Shapeshifting  | 5 |  5.6
Fighting       | 2 |  2.7

Action                     || total
---------------------------++-------
  Melee: Unarmed           ||    33
         Punch             ||     1
    Use: Potion            ||     4
   Stab: Sleeping          ||     1
         Distracted        ||     1
 Armour: Animal skin       ||    16
         Chain mail        ||    12
  Dodge: Dodged            ||    19

Table legend: (Time is in decaauts)
 A = Elapsed time spent in this place.
 B = Non-inter-level travel time spent in this place.
 C = Inter-level travel time spent in this place.
 D = Time resting spent in this place.
 E = Time spent auto-exploring this place.
 F = Levels seen in this place.
 G = Mean time per level.
                   A        B        C        D        E       F      G
               +--------+--------+--------+--------+--------+-----+--------+
         Total |    192 |    177 |     15 |      0 |      0 |   1 |  192.0 |
       Dungeon |    192 |    177 |     15 |      0 |      0 |   1 |  192.0 |
               +--------+--------+--------+--------+--------+-----+--------+

Top non-repeatable levels by time:
       D: 192 daAuts
